AoeStats
← old f1sh

Arena

509887832Analyzed
1v1 RM · 3d ago on Sep 28, 2026· 76m 29s· 2 players
Game mode
Random Map
Map size
Tiny (2 player)
Population
200
Speed
Normal
Resources
Standard
Victory
Conquest
Starting age
Dark Age
Ending age
Imperial Age
RankedLock teamsTeams togetherTeam positionsShared explorationLock speedFull tech treeHidden civsTurbo modeCheats
Victory
Defeat
🇳🇱 Byzantines · Netherlands
1600
+16
🇨🇳 Jurchens · China
1604
-16
J8S
10:11 Feudal Age
15:09 Castle Age
13:54 Double-Bit Axe
13:50 Horse Collar
15:50 Light Cavalry
17:27 Forging
21:42 Wheelbarrow
21:44 Iron Casting
23:02 Hand Cart
24:15 Heavy Plow
24:25 Bow Saw
25:36 Scale Mail Armor
24:58 Man-at-Arms
25:27 Loom
26:30 Iron Casting
26:46 Chain Mail Armor
27:07 Stone Mining
27:08 Gold Mining
28:38 Squires
29:10 Squires
29:01 Fletching
32:46 Imperial Age
30:15 Arson
30:41 Bodkin Arrow
31:09 Ballistics
31:11 Padded Archer Armor
31:06 Treadmill Crane
31:26 Crossbowman
32:12 Thumb Ring
32:24 Leather Archer Armor
32:53 Arbalester
33:35 Bracer
34:52 Chemistry
34:24 Ring Archer Armor
34:17 Conscription
38:52 Scale Barding Armor
39:26 Husbandry
45:08 Plate Mail Armor
44:58 Chain Barding Armor
47:02 Chain Barding Armor
46:52 Pikeman
47:30 Halberdier
50:20 Two-Man Saw
51:26 Plate Barding Armor
57:50 Hussar
68:46 Arrowslits
68:52 Guard Tower
old f1sh
10:48 Feudal Age
11:35 Double-Bit Axe
14:23 Castle Age
12:11 Horse Collar
14:30 Light Cavalry
21:17 Town Watch
23:19 Wheelbarrow
23:53 Gold Mining
26:01 Hand Cart
25:50 Loom
26:47 Gold Shaft Mining
28:48 Imperial Age
27:23 Bow Saw
27:04 Stone Mining
28:48 Stone Shaft Mining
28:31 Padded Archer Armor
28:32 Scale Mail Armor
31:07 Chemistry
30:43 Leather Archer Armor
32:27 Siege Engineers
33:18 Heavy Plow
33:48 Guard Tower
34:09 Masonry
36:31 Ring Archer Armor
35:47 Heavy Rocket Cart
38:35 Keep
39:14 Architecture
38:52 Fortified Bastions
39:13 Fletching
40:12 Bodkin Arrow
40:21 Arrowslits
40:02 Capped Ram
41:26 Bracer
40:50 Hussar
41:40 Bloodlines
41:47 Scale Barding Armor
41:52 Forging
42:23 Bloodlines
42:14 Husbandry
43:35 Chain Barding Armor
43:26 Forging
43:03 Treadmill Crane
43:19 Murder Holes
46:39 Plate Barding Armor
46:39 Iron Casting
47:30 Ballistics
47:51 Iron Casting
50:44 Guilds
51:09 Siege Ram
53:28 Blast Furnace
59:11 Pikeman
59:52 Squires
60:08 Chain Mail Armor
75:43 Elite Skirmisher
77:33 Hoardings
Connection lost

Rejoining the realm…

Still unreachable

The connection could not be restored.

Session expired

The server has moved on; the page needs a fresh start.